 Dungeon Crawl Stone Soup version 0.28.0-1-gb440e238dd (webtiles) character file.

Game seed: 8815009292446430980

1258 cbfl8 the Covered (level 8, -6/69 HPs)
             Began as a Minotaur Delver on Feb 27, 2022.
             Was a Believer of Yredelemnul.
             Killed from afar by an electric eel (10 damage)
             ... with a bolt of electricity
             ... on level 5 of the Dungeon.
             The game lasted 00:11:13 (6131 turns).

cbfl8 the Covered (Minotaur Delver)                 Turns: 6131, Time: 00:11:14

Health: -6/69      AC: 14    Str: 18    XL:     8   Next: 27%
Magic:  7/7        EV:  8    Int:  7    God:    Yredelemnul [**....]
Gold:   250        SH:  5    Dex: 13    Spells: 7/7 levels left

rFire   . . .      SeeInvis .   y - +4 quarterstaff (chaos)
rCold   . . .      Faith    .   (shield currently unavailable)
rNeg    . . .      Spirit   .   j - +0 chain mail
rPois   .          Reflect  +   (helmet restricted)
rElec   .          Harm     .   z - +0 cloak
rCorr   .          Rampage  .   t - +0 pair of gloves
Will    .....                   F - +0 pair of boots
Stlth   ..........              o - amulet of reflection
HPRegen 0.21/turn               u - ring of ice
MPRegen 0.10/turn               v - ring of fire

@: no status effects
A: horns 2, retaliatory headbutt
a: Renounce Religion, Recall Undead Harvest, Dark Bargain


You were on level 5 of the Dungeon.
You worshipped Yredelemnul.
Yredelemnul was noncommittal.
You visited 2 branches of the dungeon, and saw 8 of its levels.

You collected 250 gold pieces.

Inventory:

Hand Weapons
 a - a +0 hand axe
 k - a +0 flail
 y - a +4 quarterstaff of chaos (weapon)
Armour
 b - a +0 leather armour
 j - a +0 chain mail (worn)
 t - a +0 pair of gloves (worn)
 z - a +0 cloak (worn)
 E - a +0 buckler
 F - a +0 pair of boots (worn)
Jewellery
 o - an amulet of reflection (around neck)
 r - an amulet of regeneration
 s - a ring of ice
 u - a ring of ice (left hand)
 v - a ring of fire (right hand)
 D - a ring of willpower
 J - an amulet of magic regeneration
Wands
 g - a wand of digging (3)
 G - a wand of iceblast (12)
 K - a wand of flame (18)
Scrolls
 c - 2 scrolls of fog
 d - 5 scrolls of magic mapping
 e - a scroll of fear
 h - a scroll of vulnerability
 i - a scroll of enchant armour
 m - a scroll of noise
 n - a scroll of summoning
 q - 2 scrolls of immolation {unknown}
 A - a scroll of teleportation
 C - a scroll of torment {unknown}
 H - a scroll of amnesia {unknown}
 I - a scroll of identify
Potions
 f - a potion of haste
 l - 2 potions of mutation {unknown}
 w - 2 potions of lignification {unknown}
 x - a potion of flight {unknown}
 B - a potion of cancellation {unknown}


   Skills:
 + Level 5.5 Fighting
 + Level 3.3(4.0) Axes
 + Level 3.0(5.2) Maces & Flails
 + Level 5.6(6.0) Staves
 + Level 6.4 Armour
 + Level 3.2 Dodging
 + Level 5.1 Stealth
 + Level 2.2 Shields


You had 7 spell levels left.
You didn't know any spells.
Your spell library contained the following spells:

 Spells                   Type           Power      Damage    Failure   Level
 Confusing Touch          Hex            0%         N/A       100%        3
 Yara's Violent Unravell  Hex/Tmut       0%         3d3       100%        5
 Enfeeble                 Hex            0%         N/A       100%        7


Dungeon Overview and Level Annotations

Branches:
Dungeon (7/15)             Temple (1/1) D:6

Altars:
Ashenzari
Dithmenos
Elyvilon
Gozag
Kikubaaqudgha
Makhleb
Okawaru
Qazlal
Sif Muna
Trog
Vehumet
Wu Jian
Xom
Yredelemnul
Zin
The Shining One

Annotations:
D:5 1 transporter


Innate Abilities, Weirdness & Mutations

You have a pair of horns on your head.
You reflexively headbutt those who attack you in melee.


Message History

You can now trade souls for undead servants.
You can no longer trade souls for undead servants.
There is a transporter here.
You enter the transporter and appear at another place.
You can now trade souls for undead servants.
K - a wand of flame (18) As you open the door, it creaks loudly!
The electric eel shoots out a bolt of lightning at you!
The bolt of electricity hits you! x2; The bolt of electricity hits the plant!
The plant begins to die.
There is an open door here.
The electric eel shoots out a bolt of lightning at you!
The bolt of electricity misses you.
The electric eel shoots out a bolt of lightning at you!
The bolt of electricity hits you! The bolt of electricity hits you.
The bolt of electricity hits the plant!
The plant begins to die.
The electric eel shoots out a bolt of lightning at you!
The bolt of electricity hits you!
The electric eel shoots out a bolt of lightning at you!
The bolt of electricity misses you. The bolt of electricity hits you.
* * * LOW HITPOINT WARNING * * *
You hit the electric eel.
Space warps around the electric eel.
You headbutt the electric eel!
The electric eel is almost dead.
The electric eel shoots out a bolt of lightning at you!
The bolt of electricity hits you.
* * * LOW HITPOINT WARNING * * *
The bolt of electricity hits you!
* * * LOW HITPOINT WARNING * * *
You feel better.
You feel better.
A nearby plant withers and dies.
The electric eel shoots out a bolt of lightning at you!
The bolt of electricity hits you!
* * * LOW HITPOINT WARNING * * *
The electric eel shoots out a bolt of lightning at you!
The bolt of electricity hits you.
* * * LOW HITPOINT WARNING * * *
The bolt of electricity hits you!
You die...
Your body rises from the dead as a mindless zombie.

.##..Z###.##########.######(.##
....Z..Z...##...###..#####..##
#####.####(......#..###....##
#####.## ##....©.Z...#..#####
...##..# #.#######.........#
##.###.## #.#8.©.8#Z)######.#
##.###..###.#P...≈#Z## #.#
.#......##..###'###Z.# #.####
..##........#≈..@S#Z.# #....##
.....#......#≈...S#Z.## ####...
#....##.....#≈≈≈≈≈#...# ###.
####..#...#.#≈P⌠P≈#.#.# #. #
#..Z...#.#≈≈≈≈≈#.#.#### #. #
##..#....#≈≈≈≈≈#......#### #.
####........#≈≈≈≈≈#.........#####
.......##.#.###+###..###.##...# #
####..###...#P.$.P#..###.####.###


You could see 2 electric eels, a friendly spectral jelly, 2 friendly iguana
zombies and 3 friendly orc zombies.

Vanquished Creatures
  Prince Ribbit (D:5)
  2 water moccasins (D:7)
  An ice beast (D:6)
  An ogre (D:6)
  A wyvern skeleton (D:5)
  3 hounds
  A jelly (D:3)
  3 orc priests
  Crazy Yiuf (D:2)
  6 iguanas
  2 orc wizards
  4 adders
  A gnoll (D:1)
  A white imp (Temple)
  An adder skeleton (D:4)
  A worm (D:3)
  3 dart slugs
  13 orcs
  7 ball pythons
  6 bats
  7 endoplasms
  4 giant cockroaches
  7 goblins
  7 hobgoblins
  4 kobolds
  4 quokkas
  5 frilled lizards
  8 rats
105 creatures vanquished.

Vanquished Creatures (collateral kills)
  A jelly (D:5)
  2 orcs
3 creatures vanquished.

Vanquished Creatures (others)
  A plant (D:5)
  4 withered plants (D:2)
5 creatures vanquished.

Grand Total: 113 creatures vanquished

Notes
Turn   | Place    | Note
-------+----------+-------------------------------------------
     0 | D:5      | cbfl8 the Minotaur Delver began the quest for the Orb.
     0 | D:5      | Reached XP level 1. HP: 19/19 MP: 0/0
     1 | D:5      | Found a transporter.
     1 | D:5      | Noticed an electric eel
     3 | D:5      | Noticed an electric eel
    24 | D:4      | Reached XP level 2. HP: 7/27 MP: 1/1
   466 | D:4      | Reached XP level 3. HP: 7/33 MP: 2/2
   756 | D:4      | Reached skill level 1 in Armour
   756 | D:4      | Reached skill level 5 in Stealth
   756 | D:4      | Reached XP level 4. HP: 21/40 MP: 3/3
  1559 | D:2      | Reached XP level 5. HP: 46/46 MP: 4/4
  1694 | D:1      | Reached skill level 1 in Maces & Flails
  1694 | D:1      | Reached skill level 2 in Armour
  3400 | D:2      | Found a runed translucent door.
  3401 | D:2      | Noticed Crazy Yiuf
  3466 | D:2      | Found a faded altar of an unknown god.
  3575 | D:2      | Killed Crazy Yiuf
  3843 | D:3      | Reached skill level 1 in Shields
  3935 | D:4      | Found an opulent altar of Gozag.
  3949 | D:4      | Reached XP level 6. HP: 21/53 MP: 5/5
  4178 | D:4      | Reached skill level 1 in Staves
  4306 | D:4      | Reached skill level 3 in Armour
  4584 | D:4      | Found an ancient bone altar of Kikubaaqudgha.
  4618 | D:4      | Found an iron altar of Okawaru.
  4862 | D:5      | You fall into a shaft and drop 2 floors!
  4916 | D:6      | Noticed a water moccasin
  4938 | D:6      | Noticed a water moccasin
  4948 | D:7      | Killed a water moccasin
  4953 | D:7      | Killed a water moccasin
  4954 | D:7      | Reached skill level 4 in Armour
  4954 | D:7      | Reached XP level 7. HP: 49/60 MP: 6/6
  5106 | D:6      | Reached skill level 5 in Fighting
  5310 | D:6      | Found a staircase to the Ecumenical Temple.
  5322 | Temple   | Entered the Ecumenical Temple
  5520 | Temple   | Became a worshipper of Yredelemnul the Dark
  5542 | D:6      | Reached skill level 5 in Armour
  5556 | D:6      | Reached * piety under Yredelemnul
  5652 | D:5      | Found a transporter.
  5758 | D:5      | Found a shimmering blue altar of Sif Muna.
  5894 | D:5      | Reached XP level 8. HP: 60/68 MP: 7/7
  5973 | D:5      | Noticed Prince Ribbit
  5983 | D:5      | Killed Prince Ribbit
  5984 | D:5      | Reached skill level 5 in Staves
  5984 | D:5      | Reached skill level 6 in Armour
  6038 | D:5      | Reached ** piety under Yredelemnul
  6129 | D:5      | HP: 2/69 [electric eel/bolt of electricity (10)]
  6131 | D:5      | Killed from afar by an electric eel

Illustrated notes

Levels and vault maps discovered:
D:1:      onia_arrival_handbag, layout_basic, serial_corexii_hall,
          chequers_hall_statues_y, corexii_hall_statues_i,
          corexii_hall_statues_s, corexii_hall_statues_u
D:2:      cheibrodos_helix_gallery, layout_basic,
          ebering_ecumenical_altar_petrified, uniq_crazy_yiuf_cottage
D:3:      layout_rooms, kennysheep_generic_room_6
D:4:      layout_gridville, nicolae_overflow_crystal_walls,
          mainiacjoe_overflow_two_lobes
D:5:      gammafunk_steamed_eel, layout_rooms, lemuel_doored_altar,
          uniq_prince_ribbit1
D:6:      layout_loops_ring, mainiacjoe_overflow_divided_tiny,
          minmay_temple_entry_proselytizer
D:7:      minmay_recursive_quarters, layout_basic, lemuel_round_altar
Temple:   nicolae_temple_x_marks_the_god

Skill      XL: |  1  2  3  4  5  6  7  8 |
---------------+-------------------------+-----
Fighting       | 4 5 |  5.5
Axes           | 3 |  3.3
Armour         | 1 2 4 5 6 |  6.4
Stealth        | 5 |  5.1
Maces & Flails | 2 3 |  3.0
Shields        | 1 2 |  2.2
Staves         | 3 4 5 |  5.6
Dodging        | 3 |  3.2

Action                   |  1- 3 |  4- 6 |  7- 9 || total
-------------------------+-------+-------+-------++-------
Melee: Hand axe          |    26 |     2 |       ||    28
       Headbutt          |     3 |    30 |     6 ||    39
       Flail             |       |   133 |       ||   133
       Quarterstaff      |       |    60 |    48 ||   108
       Punch             |       |     2 |       ||     2
  Use: Scroll            |       |     6 |       ||     6
       Potion            |       |     3 |     2 ||     5
Armor: Leather armour    |     3 |       |       ||     3
       Chain mail        |       |   134 |    29 ||   163
Dodge: Dodged            |    14 |    99 |    24 ||   137
Block: Other             |       |    48 |     6 ||    54
